 Dungeon Crawl Stone Soup version 0.21.1-1-g345015f (webtiles) character file.

1012 Kagorn the Skirmisher (level 8, 0/54 HPs)
             Began as a Demonspawn Fighter on June 8, 2018.
             Was an Initiate of Hepliaklqana.
             Killed by divine providence
             ... invoked by an orc priest
              (17 damage)
             ... on level 4 of the Dungeon.
             The game lasted 00:49:33 (5799 turns).

Kagorn the Skirmisher (Demonspawn Fighter)          Turns: 5799, Time: 00:49:34

Health: 0/54       AC: 14    Str: 17    XL:     8   Next: 1%
Magic:  11/11      EV:  6    Int:  9    God:    Hepliaklqana [......]
Gold:   314        SH:  9    Dex: 15    Spells: 9/11 levels left

rFire    . . .     SeeInvis .   y - +0 whip (flame)
rCold    + + .     Gourm    .   c - +0 shield
rNeg     . . .     Faith    .   g - +0 chain mail
rPois    .         Spirit   .   (helmet restricted)
rElec    .         Reflect  .   v - +0 cloak
rCorr    .         Harm     .   l - +0 pair of gloves
MR       .....                  (no boots)
Stlth    ..........             (no amulet)
HPRegen  0.18/turn              n - ring of protection from cold
MPRegen  0.12/turn              (no ring)

@: no status effects
A: reduced essence, antennae 1, yellow scales 2, cold resistance 1, demonic
guardian 1
a: Recall Ancestor, Ancestor Identity, Renounce Religion


You were on level 4 of the Dungeon.
You worshipped Hepliaklqana.
Hepliaklqana was noncommittal.
You were not hungry.

You visited 2 branches of the dungeon, and saw 6 of its levels.

You collected 314 gold pieces.

Inventory:

Hand Weapons
 a - a +0 long sword
 i - a +0 hunting sling
 y - a +0 whip of flaming (weapon)
Missiles
 t - 3 steel tomahawks (quivered)
Armour
 c - a +0 shield (worn)
 g - a +0 chain mail (worn)
 l - a +0 pair of gloves (worn)
 v - a +0 cloak (worn)
Jewellery
 n - a ring of protection from cold (left hand)
Wands
 x - a wand of acid (13)
Scrolls
 b - 2 scrolls of amnesia {unknown}
 d - a scroll of remove curse
 e - a scroll of immolation {unknown}
 h - 3 scrolls of teleportation {unknown}
 j - 3 scrolls of fear {unknown}
 k - a scroll of random uselessness {unknown}
 m - a scroll of noise {unknown}
 o - 4 scrolls of identify {unknown}
 p - 2 scrolls of fog {unknown}
 q - 2 scrolls of enchant armour {unknown}
 u - a scroll of magic mapping {unknown}
Potions
 s - a potion of curing {unknown}
 w - a potion of flight
Books
 r - a book of Minor Magic

   Spells                             Type                      Level
   a - Magic Dart                     Conjuration                  1
   b - Blink                          Translocation                2
   c - Call Imp                       Summoning                    2
   d - Slow                           Hexes                        2
   e - Conjure Flame                  Conjuration/Fire             3
   f - Mephitic Cloud                 Conjuration/Poison/Air       3
Comestibles
 f - a ration


   Skills:
 + Level 4.5 Fighting
 - Level 3.2 Long Blades
 * Level 1.0 Maces & Flails
 + Level 4.0 Armour
 + Level 2.8 Dodging
 + Level 2.9 Stealth
 + Level 4.0 Shields
 + Level 2.2 Spellcasting
 + Level 2.3 Translocations


You had 9 spell levels left.
You knew the following spells:

 Your Spells              Type           Power        Failure   Level  Hunger
a - Blink                 Tloc           N/A          100%        2    ###....


Dungeon Overview and Level Annotations

Branches:
Dungeon (5/15)             Temple (1/1) D:4

Altars:
Ashenzari
Cheibriados
Dithmenos
Elyvilon
Fedhas
Gozag
Hepliaklqana
Kikubaaqudgha
Nemelex Xobeh
Qazlal
Ru
Sif Muna
Trog
Uskayaw
Vehumet
Wu Jian
Xom
Yredelemnul
Zin

Annotations:
D:4 1 transporter


Innate Abilities, Weirdness & Mutations

You have a pair of small antennae on your head.
You are mostly covered in yellow scales. (AC +3)
Your flesh is cold resistant. (rC+)
A weak demonic guardian rushes to your aid.
Your life essence is reduced to manifest your ancestor. (-10% HP)


Message History

Ulric hits the plant but does no damage.
Your shadow imp hits the plant but does no damage.
You hit the plant but do no damage.
Your shadow imp disappears in a puff of smoke!
Ulric hits the plant.
The orc priest calls down the wrath of Beogh upon you.
Beogh smites you!
You hit the plant but do no damage.
The plant is lightly damaged.
Ulric hits the plant but does no damage.
The orc priest casts a cantrip, but nothing happens.
Your shadow imp hits the plant but does no damage.
The chaos spawn gores your shadow imp!
Your shadow imp dies!
Ulric hits the plant but does no damage.
Your quasit bites the plant but does no damage.
Your quasit claws the plant but does no damage. x2
The orc priest calls down the wrath of Beogh upon you.
Beogh smites you!
You die...

# ################### #
#.................# #
#.###############.# #
#.#8P#.....o5#≈8#.# #
##.#P.#≈≈≈≈≈≈≈#.P#.## #
##..#..#..≈≈≈?.#§$#..## #
#..©#©.'..≈⌠≈.54$©#©..###########
#...#..#..≈≈≈..#@R#.....p......##
#.#.#P.#≈≈≈≈≈≈≈#.P#.######.....##
#.#.#8P#....K55#58#.# #.....#8
#.#.###############.# #.....#>
#.#.................######.....#8
#.........######p........'.....##
#.#######.# ###########......#
#<#.....#'######## #...........
#.#.###..........# #.....#.#...


You could see the friendly Ulric the ancestor, a kobold demonologist, a chaos
spawn, an orc priest, 4 shadow imps, a neutral freed slave (wandering) and a
friendly quasit.

Vanquished Creatures
  The ghost of inc the Magician, an amateur OpIE of Gozag (D:3)
  An ogre (D:4)
  A hound (D:4)
  10 adders
  2 gnolls (D:4)
  2 oozes
  4 worms
  3 dart slugs
  2 orcs
  3 giant cockroaches
  7 goblins
  12 hobgoblins
  7 jackals
  2 quokkas (D:2)
  2 ball pythons (D:1)
  11 bats
  6 frilled lizards
  7 kobolds
  10 rats
93 creatures vanquished.

Vanquished Creatures (collateral kills)
  Pikel (D:4)
  An ogre (D:4)
  3 orc wizards (D:4)
  An orc priest (D:4)
  2 gnolls (D:4)
  2 adders
  A shadow imp (D:4)
  4 orcs (D:3)
  A jackal (D:2)
  A rat (D:2)
17 creatures vanquished.

Grand Total: 110 creatures vanquished

Notes
Turn   | Place    | Note
-------+----------+-------------------------------------------
     0 | D:1      | Kagorn the Demonspawn Fighter began the quest for the Orb.
     0 | D:1      | Reached XP level 1. HP: 18/18 MP: 1/1
   125 | D:1      | Gained mutation: A weak demonic guardian rushes to your aid. [demonic ancestry]
   125 | D:1      | Reached XP level 2. HP: 5/24 MP: 2/2
   675 | D:1      | Gained mutation: You are partially covered in yellow scales. (AC +2) [demonic ancestry]
   675 | D:1      | Reached XP level 3. HP: 29/29 MP: 3/3
  1365 | D:2      | Reached skill level 1 in Stealth
  1422 | D:2      | Reached skill level 1 in Dodging
  1727 | D:2      | Gained mutation: You have a pair of small antennae on your head. [demonic ancestry]
  1727 | D:2      | Reached XP level 4. HP: 35/35 MP: 4/4
  2558 | D:2      | Learned a level 2 spell: Blink
  2836 | D:2      | Reached XP level 5. HP: 25/41 MP: 5/5
  3033 | D:3      | Found an ornate altar of the Wu Jian Council.
  3267 | D:3      | Found a hide-covered altar of Uskayaw.
  3267 | D:3      | Found a shadowy altar of Dithmenos.
  3268 | D:3      | Found a sacrificial altar of Ru.
  3304 | D:3      | Noticed inc's ghost (amateur OpIE)
  3314 | D:3      | Noticed a spatial vortex
  3593 | D:3      | Killed inc's ghost
  3593 | D:3      | Reached skill level 1 in Spellcasting
  3593 | D:3      | Reached skill level 1 in Translocations
  3593 | D:3      | Gained mutation: You are mostly covered in yellow scales. (AC +3) [demonic ancestry]
  3593 | D:3      | Reached XP level 6. HP: 47/48 MP: 5/7
  3657 | D:3      | Found an opulent altar of Gozag.
  3862 | D:3      | Found a basalt altar of Yredelemnul.
  3919 | D:3      | Found a white marble altar of Elyvilon.
  4212 | D:4      | Noticed a kobold demonologist
  4216 | D:4      | Found a transporter.
  4315 | D:5      | Entered Level 5 of the Dungeon
  4315 | D:5      | Noticed a hippogriff
  4508 | D:4      | Found a stormy altar of Qazlal.
  4687 | D:4      | Noticed Pikel
  4687 | D:4      | Noticed a slave
  4688 | D:4      | Noticed a slave
  4690 | D:4      | Noticed a slave
  4691 | D:4      | Noticed a slave
  4704 | D:4      | Killed Pikel
  4704 | D:4      | Gained mutation: Your flesh is cold resistant. (rC+) [demonic ancestry]
  4704 | D:4      | Reached XP level 7. HP: 33/55 MP: 8/10
  4775 | D:4      | Found a transporter.
  4827 | D:4      | Found a staircase to the Ecumenical Temple.
  4834 | Temple   | Entered the Ecumenical Temple
  4990 | Temple   | Became a worshipper of Hepliaklqana the Forgotten
  5305 | D:4      | Reached skill level 1 in Maces & Flails
  5305 | D:4      | Reached XP level 8. HP: 32/54 MP: 11/11
  5799 | D:4      | Killed from afar by an orc priest

Skill      XL: |  1  2  3  4  5  6  7 |
---------------+----------------------+-----
Long Blades    | 2 3 |  3.2
Stealth        | 1 2 |  2.9
Shields        | 3 4 |  4.0
Armour         | 3 4 |  4.0
Dodging        | 1 2 |  2.8
Spellcasting   | 1 2 |  2.2
Translocations | 1 2 |  2.3
Fighting       | 4 |  4.5
Maces & Flails | 1 |  1.0

Action                   |  1- 3 |  4- 6 |  7- 9 || total
-------------------------+-------+-------+-------++-------
Melee: Long sword        |   176 |   261 |       ||   437
       Whip              |       |       |    60 ||    60
Invok: Ancestor Identity |       |       |     1 ||     1
  Use: Potion            |     3 |     3 |       ||     6
       Scroll            |     1 |       |     1 ||     2
 Stab: Distracted        |       |     2 |       ||     2
  Eat: Ration            |     1 |     3 |     1 ||     5
       Chunk             |       |     1 |     1 ||     2
Armor: Chain mail        |   140 |   158 |    39 ||   337
Dodge: Dodged            |    48 |    46 |    14 ||   108
Block: Shield            |   130 |   138 |    27 ||   295
       Rpst.: Long sword |    14 |    12 |       ||    26
